 Dungeon Crawl Stone Soup version 0.31.0 (webtiles) character file.

Game seed: 14214820634527185551

160 gelatine the Ruffian (level 5, -3/38 HPs)
             Began as a Demonspawn Shapeshifter on Jan 20, 2024.
             Incinerated by a bombardier beetle (4 damage)
             ... with a burning spray
             ... on level 3 of the Dungeon.
             The game lasted 00:06:19 (2300 turns).

gelatine the Ruffian (Demonspawn Shapeshifter)      Turns: 2300, Time: 00:06:20

Health: -3/38      AC:  4    Str: 16    XL:     5   Next: 17%
Magic:  5/5        EV: 12    Int: 10    God:
Gold:   118        SH:  0    Dex: 13    Spells: 4/4 levels left

rFire   . .          .
                       - Unarmed
rCold   . . .        (no shield)
rNeg    . . .        a - +0 animal skin
rPois   .            (helmet currently unavailable)
rElec   .            (cloak currently unavailable)
rCorr   .            (gloves currently unavailable)
SInv    .            (boots currently unavailable)
Will    .....        (no amulet)
Stlth   +            (no ring)
HPRegen 0.26/turn    (no ring)
MPRegen 0.09/turn

%: no passive effects
@: on fire, beast-form, glowing
A: beast (slay +1), antennae 1, molten scales 1
a: Begin Untransformation


You were on level 3 of the Dungeon.
You were a hulking beast.
You visited 1 branch of the dungeon, and saw 3 of its levels.

You collected 118 gold pieces.

Inventory:

Hand Weapons
 p - the +4 dagger "Tookil" {vamp, rPois}
   (You found it on level 2 of the Dungeon)

   rPois:     It protects you from poison
Armour
 a - a +0 animal skin (worn)
 e - a +0 chain mail
Jewellery
 j - a ring of ice
 r - a ring of ice
Talismans
 c - a beast talisman
 d - a flux talisman
Scrolls
 f - 3 scrolls of blinking {unknown}
 i - 3 scrolls of teleportation {unknown}
 k - 2 scrolls of vulnerability {unknown}
 l - a scroll of fear {unknown}
 m - a scroll of silence {unknown}
 o - 2 scrolls of identify {unknown}
 q - a scroll of amnesia {unknown}
Potions
 b - a potion of lignification
 g - a potion of might {unknown}
 h - 3 potions of degeneration {unknown}
 n - a potion of brilliance {unknown}
 s - 2 potions of curing {unknown}


   Skills:
 * Level 1.8 Fighting
 * Level 2.2 Dodging
 + Level 0.3 Stealth
 * Level 4.2 Unarmed Combat
 * Level 3.4 Shapeshifting


You had 4 spell levels left.
You didn't know any spells.
Your spell library was empty.

Dungeon Overview and Level Annotations

Branches:
Dungeon (3/15)

Altars:

Shops:
D:2 (


Innate Abilities, Weirdness & Mutations

You are a hulking beast.
Your limbs bulge with bestial killing power. (Slay +1)
You have a pair of small antennae on your head.
You are partially covered in molten scales. (AC +2)


Message History

The liquid fire burns you!
You hit the bombardier beetle.
The bombardier beetle is lightly wounded.
The liquid fire burns you!
The bombardier beetle sprays incendiary fluid at you.
The burning spray hits you.
You are even more covered in liquid fire!
You hit the bombardier beetle.
The bombardier beetle is lightly wounded.
The liquid fire burns you! The ball python barely misses you.
The ball python grabs you. The ball python constricts you.
You barely miss the bombardier beetle.
The bombardier beetle is lightly wounded.
The liquid fire burns you!
The ball python bites you but does no damage.
The ball python constricts you.
The bombardier beetle sprays incendiary fluid at you.
The burning spray hits you.
You are even more covered in liquid fire!
You hit the bombardier beetle.
The bombardier beetle is heavily wounded.
The liquid fire burns you!
* * * LOW HITPOINT WARNING * * *
The ball python bites you but does no damage.
The ball python constricts you.
You punch the bombardier beetle!
You kill the bombardier beetle!
The liquid fire burns you!
* * * LOW HITPOINT WARNING * * *
The ball python bites you but does no damage.
The ball python constricts you.
You have reached level 5!
You escape the ball python's grasp.
You shake off some of the fire as you move.
The liquid fire burns you!
* * * LOW HITPOINT WARNING * * *
You shake off some of the fire as you move.
The liquid fire burns you!
You die...

####### ######
##.....##.....#
##..............
#............... ######
#.......S....... #....#
#............... #.##.#
#.....h......... #.##.#
###.............$.
..##.####.................
..........##.)............
..................##$....#
..........######### ######
.)........# ............
##..#######.#


You could see a ball python.

Vanquished Creatures
  A bombardier beetle (D:3)
  An orc wizard (D:3)
  Robin (D:3)
  An adder (D:2)
  2 dart slugs (D:1)
  3 orcs
  A bat (D:1)
  6 endoplasms
  4 giant cockroaches
  12 goblins
  10 hobgoblins
  2 jackals (D:1)
  6 kobolds
  5 quokkas
  5 ball pythons
  2 frilled lizards (D:1)
  6 rats
68 creatures vanquished.

Notes
Turn   | Place    | Note
-------+----------+-------------------------------------------
     0 | D:1      | gelatine the Demonspawn Shapeshifter began the quest for
                  | the Orb.
     0 | D:1      | Reached XP level 1. HP: 15/15 MP: 1/1
   100 | D:1      | Found a faded altar of an unknown god.
   141 | D:1      | Gained mutation: You are partially covered in molten
                  | scales. (AC +2) [demonic ancestry]
   141 | D:1      | Reached XP level 2. HP: 21/21 MP: 2/2
   287 | D:1      | Reached skill level 3 in Unarmed Combat
   622 | D:1      | Gained mutation: You have a pair of small antennae on your
                  | head. [demonic ancestry]
   622 | D:1      | Reached XP level 3. HP: 26/26 MP: 3/3
  1136 | D:2      | Identified the +4 dagger "Tookil" {vamp, rPois}
  1428 | D:2      | Found Weymuwi's Weapon Shoppe.
  1821 | D:3      | Reached XP level 4. HP: 32/32 MP: 4/4
  2187 | D:3      | Noticed Robin
  2203 | D:3      | Killed Robin
  2204 | D:3      | Reached skill level 4 in Unarmed Combat
  2299 | D:3      | Reached XP level 5. HP: 6/38 MP: 5/5
  2299 | D:3      | HP: 1/38 [burnt (5)]
  2300 | D:3      | Incinerated by a bombardier beetle

Illustrated notes

Levels and vault maps discovered:
D:1:      psy_arrival_statuary, layout_basic,
          hellmonk_ecumenical_altar_crossroads
D:2:      layout_basic, serial_shops, shop, dreamdust_mushroom_princess
D:3:      layout_rooms, uniq_robin

Skill      XL: |  1  2  3  4 |
---------------+-------------+-----
Unarmed Combat | 3 4 |  4.2
Shapeshifting  | 3 |  3.4
Dodging        | 2 |  2.2
Fighting       | |  1.8
Stealth        | |  0.3

Action                     |  1- 3 |  4- 6 || total
---------------------------+-------+-------++-------
  Melee: Unarmed           |   149 |    51 ||   200
         Punch             |     3 |     1 ||     4
   Stab: Sleeping          |     4 |     1 ||     5
 Armour: Animal skin       |    62 |    36 ||    98
  Dodge: Dodged            |    72 |    24 ||    96
